 Dungeon Crawl Stone Soup version 0.31.0-9-g3a7656b989 (webtiles) character file.

Game seed: 4584003143706973405

370 qw the Skirmisher (level 6, -4/35 HPs)
             Began as a Deep Elf Hunter on Feb 2, 2024.
             Was an Initiate of Okawaru.
             Incinerated by a bombardier beetle (6 damage)
             ... with a burning spray
             ... on level 4 of the Dungeon.
             The game lasted 00:00:13 (3268 turns).

qw the Skirmisher (Deep Elf Hunter)                 Turns: 3268, Time: 00:00:14

Health: -4/35      AC:  5    Str: 10    XL:     6   Next: 42%
Magic:  8/8        EV: 12    Int: 14    God:    Okawaru [......]
Gold:   205        SH:  0    Dex: 21    Spells: 5/5 levels left

rFire   . . .        a - +0 shortbow (flame)
rCold   + + .        (shield currently unavailable)
rNeg    . . .        c - +0 ring mail of Sin {*Corrode rC++ Dex+3 Stlth+}
rPois   .            (no helmet)
rElec   .            (no cloak)
rCorr   .            (no gloves)
SInv    .            (no boots)
Will    +....        (no amulet)
Stlth   +            d - ring of willpower
HPRegen 0.25/turn    (no ring)
MPRegen 0.11/turn

%: corrode self (3%)
@: on fire, glowing
A: no striking features
a: Renounce Religion


You were on level 4 of the Dungeon.
You worshipped Okawaru.
Okawaru was noncommittal.
You visited 2 branches of the dungeon, and saw 5 of its levels.

You collected 205 gold pieces.


   Skills:
 - Level 2.1 Fighting
 + Level 9.4 Ranged Weapons
 - Level 3.8 Dodging
 - Level 1.2 Stealth


You had 5 spell levels left.
You didn't know any spells.
Your spell library was empty.

Inventory:

Hand Weapons
 a - a +0 shortbow of flaming (weapon)
Armour
 c - the +0 ring mail of Sin (worn) {*Corrode rC++ Dex+3 Stlth+}
   (You found it on level 3 of the Dungeon)

   Dex+3:     It affects your dexterity (+3).
   rC++:      It greatly protects you from cold.
   *Corrode:  It may corrode you when you take damage.
   Stlth+:    It makes you more stealthy.
Jewellery
 d - a ring of willpower (left hand)
Wands
 b - a wand of roots (1)
Scrolls
 e - a scroll of teleportation
 h - a scroll of identify
Potions
 f - a potion of mutation
 g - a potion of attraction {unknown}
 i - a potion of invisibility {unknown}
 j - a potion of degeneration {unknown}

Dungeon Overview and Level Annotations

Branches:
Dungeon (4/15)             Temple (1/1) D:4

Altars:
Elyvilon
Fedhas
Hepliaklqana
Kikubaaqudgha
Okawaru
Qazlal
Ru
Sif Muna
Uskayaw
Vehumet
Wu Jian
Xom
Zin
The Shining One

Annotations:
D:1 2 runed translucent doors
D:2 1 runed translucent door, Crazy Yiuf


Message History

Things that are here:
a +0 giant club; an ogre corpse
j - an amethyst potion You open the door.
There is an open door here.
A bombardier beetle comes into view.
You shoot an arrow.
The arrow hits the bombardier beetle but does no damage.
You shoot an arrow. The arrow hits the bombardier beetle!
The arrow burns the bombardier beetle.
The bombardier beetle is almost dead.
The bombardier beetle sprays incendiary fluid at you.
The burning spray hits you.
You are covered in liquid fire!
You shoot an arrow. The arrow hits the bombardier beetle.
The arrow burns the bombardier beetle.
You kill the bombardier beetle!
Okawaru accepts your kill. The liquid fire burns you!
You are on fire!
The liquid fire burns you!
You are on fire!
The liquid fire burns you!
You are on fire!
The liquid fire burns you!
You are on fire!
The liquid fire burns you!
You are on fire!
The liquid fire burns you!
You are on fire!
The liquid fire burns you!
You are on fire!
The liquid fire burns you!
You are on fire!
The liquid fire burns you!
You are on fire!
The liquid fire burns you!
You are on fire!
The liquid fire burns you!
You die...

#. #. #. #.#
## #.# #.#
#####.## #
%...^.####...
##..........
#...@.#
##...## ##.##
#.# #. #.#
#.# ##'##
###.# #
##...## ...#
# ##.....##
#######.###
#.......##
#.........#


There were no monsters in sight!

Vanquished Creatures
  An ogre (D:4)
  4 bombardier beetles
  Natasha (twice) (D:3)
  5 adders
  A dart slug (D:2)
  An orc (D:3)
  3 ball pythons (D:1)
  7 endoplasms
  4 giant cockroaches
  5 goblins
  6 hobgoblins
  6 jackals
  7 kobolds
  A quokka (D:1)
  5 bats
  2 frilled lizards
  5 rats
65 creatures vanquished.

Notes
Turn   | Place    | Note
-------+----------+-------------------------------------------
     0 | D:1      | qw the Deep Elf Hunter began the quest for the Orb.
     0 | D:1      | Reached XP level 1. HP: 12/12 MP: 3/3
     0 | D:1      | 0 ||| qw: Version: 0.3-a-155-g5e7d8dd
     0 | D:1      | 0 ||| qw: Game counter: 1699
     0 | D:1      | 0 ||| qw: Melee chars always use a shield: true
     0 | D:1      | 0 ||| qw: God list: Okawaru
     0 | D:1      | 0 ||| qw: Allow faded altars: false
     0 | D:1      | 0 ||| qw: Do Orc after clearing Dungeon:15 true
     0 | D:1      | 0 ||| qw: Do second Lair branch before Depths: true
     0 | D:1      | 0 ||| qw: Lair rune preference: random
     0 | D:1      | 0 ||| qw: Goals: Normal
     0 | D:1      | 0 ||| PLANNING D:1-11
    72 | D:1      | Found a large runed translucent door.
    72 | D:1      | Found a large runed translucent door.
    72 | D:1      | Noticed an ogre
    72 | D:1      | Noticed an ogre
    75 | D:1      | Noticed an ogre
    81 | D:1      | Noticed an ogre
   128 | D:1      | Reached XP level 2. HP: 16/16 MP: 4/4
   148 | D:1      | Reached skill level 6 in Ranged Weapons
   691 | D:1      | 691 ||| UPGRADING to ring of willpower.
   692 | D:1      | 692 ||| READING scroll labelled BEHEIFRIDI.
   773 | D:1      | 773 ||| READING scroll labelled VANWUT GIN.
   874 | D:1      | 874 ||| DROPPING scroll of butterflies.
   912 | D:2      | 912 ||| STAIRDANCE
   998 | D:2      | Reached XP level 3. HP: 20/20 MP: 5/5
  1058 | D:2      | Reached skill level 7 in Ranged Weapons
  1319 | D:2      | Reached XP level 4. HP: 25/25 MP: 6/6
  1494 | D:2      | Found a runed translucent door.
  1495 | D:2      | Noticed Crazy Yiuf
  1650 | D:2      | 1650 ||| UPGRADING to +0 ring mail.
  1660 | D:2      | 1660 ||| DROPPING +0 leather armour.
  1661 | D:2      | 1661 ||| READING scroll labelled GAFUMY KEALEL.
  1661 | D:2      | 1661 ||| ENCHANTING +0 ring mail.
  1662 | D:2      | 1662 ||| READING scroll labelled QIHUAT PICLOFETZ.
  1662 | D:2      | 1662 ||| IDENTIFYING fizzy silvery potion
  1663 | D:2      | 1663 ||| READING scroll labelled PAMIOL BAWNE.
  1664 | D:2      | 1664 ||| READING scroll labelled BEITHOUWKENE.
  1664 | D:2      | 1664 ||| BRANDING +0 shortbow.
  1666 | D:2      | 1666 ||| Stepping ~*~*~tactically~*~*~ (cloud).
  1673 | D:2      | HP: 6/25 [poisoned by you (poison gas)]
  1933 | D:3      | Noticed Natasha
  1938 | D:3      | 1938 ||| FLEEEEING.
  1939 | D:3      | 1939 ||| FLEEEEING.
  1940 | D:3      | 1940 ||| FLEEEEING.
  1941 | D:3      | 1941 ||| FLEEEEING.
  1942 | D:3      | 1942 ||| FLEEEEING.
  1943 | D:3      | 1943 ||| FLEEEEING.
  1944 | D:3      | 1944 ||| FLEEEEING.
  1945 | D:3      | 1945 ||| FLEEEEING.
  1946 | D:3      | 1946 ||| FLEEEEING.
  1947 | D:3      | 1947 ||| FLEEEEING.
  1948 | D:3      | 1948 ||| FLEEEEING.
  1949 | D:3      | 1949 ||| FLEEEEING.
  1950 | D:3      | 1950 ||| FLEEEEING.
  1951 | D:3      | 1951 ||| FLEEEEING.
  1952 | D:3      | 1952 ||| FLEEEEING.
  1953 | D:3      | 1953 ||| FLEEEEING.
  1954 | D:3      | 1954 ||| FLEEEEING.
  1955 | D:3      | 1955 ||| FLEEEEING.
  1956 | D:3      | 1956 ||| FLEEEEING.
  1964 | D:3      | Killed Natasha
  2074 | D:3      | Reached skill level 8 in Ranged Weapons
  2096 | D:3      | Reached XP level 5. HP: 29/29 MP: 7/7
  2217 | D:3      | Identified the +0 ring mail of Sin {*Corrode rC++ Dex+3
                  | Stlth+}
  2470 | D:3      | Noticed Natasha
  2479 | D:3      | Killed Natasha
  2578 | D:3      | Reached skill level 9 in Ranged Weapons
  2713 | D:3      | 2713 ||| READING scroll of brand weapon.
  2713 | D:3      | 2713 ||| BRANDING +0 shortbow of draining.
  2765 | D:3      | 2765 ||| UPGRADING to +0 ring mail of Sin {*Corrode rC++
                  | Dex+3 Stlth+}.
  2775 | D:3      | 2775 ||| DROPPING +1 ring mail.
  2820 | D:4      | Found a staircase to the Ecumenical Temple.
  2821 | D:4      | 2821 ||| PLANNING TEMPLE
  2910 | D:4      | 2910 ||| READING scroll labelled CIMPUL LUOCEXE.
  2967 | Temple   | Entered the Ecumenical Temple
  2968 | Temple   | 2968 ||| PLANNING OKAWARU WORSHIP
  2990 | Temple   | Became a worshipper of Warmaster Okawaru
  2991 | Temple   | 2991 ||| PLANNING D:1-11
  3231 | D:4      | Noticed an ogre
  3238 | D:4      | Killed an ogre
  3239 | D:4      | Reached skill level 3 in Dodging
  3239 | D:4      | Reached XP level 6. HP: 35/35 MP: 8/8
  3265 | D:4      | HP: 7/35 [burnt (3)]
  3267 | D:4      | HP: 1/35 [burnt (3)]
  3268 | D:4      | Incinerated by a bombardier beetle

Levels and vault maps discovered:
D:1:      erik_arrival_cave_to_civilisation [erik_arrival_cave_to_temple],
          layout_basic
D:2:      layout_loops_ring, uniq_crazy_yiuf_cottage
D:3:      layout_basic, eino_tiny_chamber, minmay_misc_feat_room,
          minmay_misc_feat_iff, serial_bayou_pond_a, uniq_natasha
D:4:      layout_loops_corners, minmay_temple_entry_slanted,
          chequers_serial_rivers_marsh, uniq_eustachio
Temple:   minmay_temple_curvy_branch

Skill      XL: |  1  2  3  4  5 |
---------------+----------------+-----
Ranged Weapons | 6 7 8 9 |  9.4
Fighting       | 2 |  2.1
Dodging        | 3 |  3.8
Stealth        | |  1.2

Action                     |  1- 3 |  4- 6 || total
---------------------------+-------+-------++-------
   Fire: Shortbow          |    98 |    85 ||   183
    Use: Scroll            |     2 |     6 ||     8
 Armour: Leather armour    |    28 |       ||    28
         Ring mail         |       |    15 ||    15
         Skin              |       |     1 ||     1
  Dodge: Dodged            |    38 |    20 ||    58

Table legend:
 A = Non-vault XP
 B = Vault XP
 C = Vault XP percentage of total XP
 D = Non-vault monster count
 E = Vault monster count
 F = Vault count percentage of total count
                 A         B        C        D         E       F
            +---------+---------+-------+---------+---------+-------
      Total |     491 |      38 |   7.2 |      62 |       3 |   4.6
            +---------+---------+-------+---------+---------+-------
        D:1 |      32 |       3 |   8.6 |      18 |       2 |  10.0
        D:2 |      68 |       0 |   0.0 |      19 |       0 |   0.0
        D:3 |     175 |      35 |  16.7 |      18 |       1 |   5.3
        D:4 |     216 |       0 |   0.0 |       7 |       0 |   0.0
            +---------+---------+-------+---------+---------+-------
